 Seeded DCSS version 0.29.1-2-gbd0b4ee654 (webtiles) character file.

Game seed: 5208042524084171482 (custom seed)

160 Ashen the Magician (level 5, 30/37 HPs)
             Began as a Demonspawn Hedge Wizard on Oct 25, 2022.
             Was an Initiate of Vehumet.
             Got out of the dungeon alive.
             The game lasted 00:06:23 (3791 turns).

Ashen the Magician (Demonspawn Hedge Wizard)        Turns: 3791, Time: 00:06:23

Health: 30/37      AC:  2    Str: 10    XL:     5   Next: 17%
Magic:  11/11      EV: 12    Int: 18    God:    Vehumet [......]
Gold:   110        SH:  0    Dex: 12    Spells: 7/12 levels left

rFire   . . .      SeeInvis .   o - +0 whip (elec)
rCold   . . .      Faith    .   (no shield)
rNeg    . . .      Spirit   .   b - +0 robe
rPois   .          Reflect  .   c - +0 hat
rElec   .          Harm     .   (no cloak)
rCorr   .          Rampage  .   (no gloves)
Will    .....                   (no boots)
Stlth   ++........              (no amulet)
HPRegen 0.12/turn               (no ring)
MPRegen 0.12/turn               (no ring)

@: no status effects
A: claws 1, powered by pain 1, sanguine armour 1, demonic magic 1
a: Renounce Religion


You escaped.
You worshipped Vehumet.
Vehumet was noncommittal.
You visited 2 branches of the dungeon, and saw 5 of its levels.

You collected 110 gold pieces.

Inventory:

Hand Weapons
 a - a +0 dagger
 n - a +2 long sword of protection
 o - a +0 whip of electrocution (weapon)
Armour
 b - a +0 robe (worn)
 c - a +0 hat (worn)
Jewellery
 q - a ring of protection from cold
Scrolls
 e - 8 scrolls of identify {unknown}
 f - a scroll of fog {unknown}
 g - 2 scrolls of enchant armour {unknown}
 h - 4 scrolls of teleportation {unknown}
 i - a scroll of noise {unknown}
 j - 2 scrolls of enchant weapon {unknown}
 k - a scroll of fear {unknown}
 m - 2 scrolls of amnesia {unknown}
 r - a scroll of vulnerability {unknown}
 s - a scroll of poison {unknown}
Potions
 d - a potion of lignification {unknown}
 l - a potion of brilliance {unknown}
 p - a potion of attraction {unknown}
 t - 2 potions of curing {unknown}


   Skills:
 + Level 1.0 Fighting
 - Level 0.1(0.2) Short Blades
 - Level 0.1(0.2) Long Blades
 - Level 0.1 Maces & Flails
 + Level 2.3 Dodging
 + Level 2.4 Stealth
 + Level 4.0 Spellcasting
 + Level 2.4 Conjurations
 + Level 1.3 Summonings
 + Level 1.0 Translocations


You had 7 spell levels left.
You knew the following spells:

 Your Spells              Type           Power      Damage    Failure   Level
a - Magic Dart            Conj           48%        1d5       5%          1
b - Call Imp              Summ           8%         N/A       13%         2
c - Blink                 Tloc           14%        N/A       14%         2

Your spell library contained the following spells:

 Spells                   Type           Power      Damage    Failure   Level
 Slow                     Hex            12%        N/A       14%         1
 Conjure Flame            Conj/Fire      8%         6-21      26%         3
 Mephitic Cloud           Conj/Pois/Air  6%         N/A       32%         3


Dungeon Overview and Level Annotations

Branches:
Dungeon (4/15)             Temple (1/1) D:4

Altars:
Cheibriados
Dithmenos
Fedhas
Hepliaklqana
Nemelex Xobeh
Okawaru
Ru
Trog
Vehumet
Yredelemnul

Annotations:
D:3 Sigmund


Innate Abilities, Weirdness & Mutations

You have sharp fingernails.
You sometimes gain a little power by taking damage.
When seriously injured, your blood forms armour. (AC +0)
Spells you cast may paralyse adjacent enemies.


Message History

There is an open door here.
An ufetubus comes into view.
The ufetubus shouts!
You hear an angry hiss.
The ufetubus hits you. The ufetubus misses you.
There is an open door here.
You closely miss the ufetubus. The ufetubus hits you. x2
A ball python comes into view.
The ufetubus closely misses you. The ufetubus hits you.
Your blood congeals into armour.
The ball python hisses angrily.
You hit the ufetubus. Lightning courses through the ufetubus!
You kill the ufetubus!
Vehumet accepts your kill.
Found a scroll labelled IXKAUQ CENEEVU.
The ball python bites you. The ball python grabs you.
The ball python constricts you. The ball python bites you.
The ball python constricts you.
You hit the ball python.
You kill the ball python!
Vehumet accepts your kill.
No target in view!
(D) Dungeon (T) Temple
Where to? (Enter - D:1, ? - help)
A quokka and an ogre come into view.
The ogre shouts!
Found a scroll labelled BOLOOC LOSKEWYQACW.
There is a stone staircase leading up here.
You climb upwards.
Level annotation: Sigmund
There is a stone staircase leading down here.
There is a stone staircase leading up here.
You climb upwards.
There is a stone staircase leading down here.
There is a stone staircase leading up here.
You climb upwards.
There is a stone staircase leading down here.
Your blood armour dries and flakes away.
There is a staircase leading out of the dungeon here.
Are you sure you want to leave the Dungeon?
This will make you lose the game!
You have escaped!

....##
###∩......#.#.#.#.##.#
#.#..#
#∩.....##.#.....##.#
#.##.#
#∩.....##.###.####.#
#.##.#
##.....∩#..........#
#.##.#
#.....∩#####.######
..##.# ##...### #.#
..##.#### #...# #.#
.....)..# ##..# #.#
..##.##.# ##@# #.#
..##..#.# ##########.#
..###...# #..........#
..# ###.# #..........#
..# #.### #..........#
..#
#...#####......)...#
..#
#.#....##..........#
#.#
#.......#......[...#
..#
######.............#


There were no monsters in sight!

Vanquished Creatures
  A jelly (D:4)
  Jessica (D:3)
  4 adders
  An ufetubus (D:4)
  2 worms
  A dart slug (D:2)
  3 orcs (D:3)
  8 ball pythons
  3 bats
  4 endoplasms
  2 giant cockroaches
  6 goblins
  5 hobgoblins
  4 frilled lizards
  6 kobolds
  7 rats
58 creatures vanquished.

Notes
Turn   | Place    | Note
-------+----------+-------------------------------------------
     0 | D:1      | Ashen the Demonspawn Hedge Wizard began the quest for the
                  | Orb.
     0 | D:1      | Reached XP level 1. HP: 13/13 MP: 4/4
   696 | D:1      | Gained mutation: When seriously injured, your blood forms
                  | armour. (AC +0) [demonic ancestry]
   696 | D:1      | Reached XP level 2. HP: 19/19 MP: 6/6
   722 | D:1      | Found a faded altar of an unknown god.
  1239 | D:2      | Gained mutation: Spells you cast may paralyse adjacent
                  | enemies. [demonic ancestry]
  1239 | D:2      | Reached XP level 3. HP: 24/25 MP: 0/8
  2296 | D:3      | Noticed Sigmund
  2517 | D:3      | Gained mutation: You sometimes gain a little power by
                  | taking damage. [demonic ancestry]
  2517 | D:3      | Reached XP level 4. HP: 31/31 MP: 6/9
  2691 | D:3      | Noticed Jessica
  2708 | D:3      | Killed Jessica
  2713 | D:3      | Learned a level 2 spell: Call Imp
  2716 | D:3      | Learned a level 2 spell: Blink
  2991 | D:3      | You fall into a shaft and drop 1 floor!
  3011 | D:4      | Reached skill level 4 in Spellcasting
  3095 | D:4      | Reached skill level 1 in Translocations
  3095 | D:4      | Gained mutation: You have sharp fingernails. [demonic
                  | ancestry]
  3095 | D:4      | Reached XP level 5. HP: 22/36 MP: 6/11
  3416 | D:4      | Reached skill level 1 in Fighting
  3462 | D:4      | Found a staircase to the Ecumenical Temple.
  3473 | Temple   | Entered the Ecumenical Temple
  3671 | Temple   | Became a worshipper of Vehumet
  3704 | D:4      | Noticed an ogre
  3791 | D:$      | Got out of the dungeon alive.

Illustrated notes

Levels and vault maps discovered:
D:1:      amcnicky_arrival_abandoned_market, layout_basic,
          shapermc_ecumenical_altar_mp_urbaneastern
D:2:      layout_rooms, minmay_misc_feat_square, kennysheep_cross_bottleneck
D:3:      layout_basic, uniq_jessica, uniq_sigmund
D:4:      layout_rooms, minmay_temple_entry_glassed_door, minmay_quadrilaterals,
          uniq_menkaure
Temple:   nicolae_temple_slightly_damp_pantheon

Skill      XL: |  1  2  3  4  5 |
---------------+----------------+-----
Dodging        | 2 |  2.3
Stealth        | 2 |  2.4
Conjurations   | 2 |  2.4
Spellcasting   | 4 |  4.0
Translocations | 1 |  1.0
Fighting       | 1 |  1.0
Short Blades   | |  0.1
Long Blades    | |  0.1
Maces & Flails | |  0.1
Summonings     | |  1.3

Action                   |  1- 3 |  4- 6 || total
-------------------------+-------+-------++-------
Melee: Dagger            |    31 |       ||    31
       Long sword        |     7 |    12 ||    19
       Punch             |     1 |     2 ||     3
       Whip              |       |    52 ||    52
 Cast: Magic Dart        |    76 |    28 ||   104
  Use: Potion            |     1 |       ||     1
 Stab: Sleeping          |     3 |     1 ||     4
       Paralysed         |     5 |     9 ||    14
Armor: Robe              |    14 |    13 ||    27
Dodge: Dodged            |    45 |    35 ||    80
